 Dungeon Crawl Stone Soup version 0.31.0-9-g3a7656b989 (webtiles) character file.

Game seed: 12151509715771115263

81 qw the Shooter (level 4, -3/36 HPs)
             Began as a Demigod Hunter on Feb 2, 2024.
             Killed from afar by Natasha (6 damage)
             ... with a magic dart
             ... on level 2 of the Dungeon.
             The game lasted 00:00:05 (1074 turns).

qw the Shooter (Demigod Hunter)                     Turns: 1074, Time: 00:00:05

Health: -3/36      AC:  5    Str: 12    XL:     4   Next: 0%
Magic:  6/6        EV: 11    Int: 11    God:
Gold:   110        SH:  0    Dex: 21    Spells: 3/3 levels left

rFire   . . .        a - +0 shortbow (heavy)
rCold   . . .        (shield currently unavailable)
rNeg    . . .        h - +0 ring mail
rPois   .            (no helmet)
rElec   .            (no cloak)
rCorr   .            (no gloves)
SInv    .            (no boots)
Will    .....        (no amulet)
Stlth   +            (no ring)
HPRegen 0.26/turn    (no ring)
MPRegen 0.10/turn

%: no passive effects
@: no status effects
A: high MP 1, forlorn, divine attributes
a: no special abilities


You were on level 2 of the Dungeon.
You visited 1 branch of the dungeon, and saw 2 of its levels.

You collected 110 gold pieces.


Innate Abilities, Weirdness & Mutations

You have an increased reservoir of magic. (+10% MP)
You shall have no god before yourself.
Your divine heritage dramatically boosts your attributes as you level up.


   Skills:
 - Level 2.0 Fighting
 - Level 5.0 Ranged Weapons
 + Level 0.5 Armour
 - Level 2.0 Dodging
 - Level 0.8 Stealth


You had 3 spell levels left.
You didn't know any spells.
Your spell library was empty.

Inventory:

Hand Weapons
 a - a +0 heavy shortbow (weapon)
Armour
 h - a +0 ring mail (worn)
Scrolls
 c - a scroll of identify
 f - a scroll of enchant armour {unknown}
 j - 2 scrolls of enchant weapon {unknown}
Potions
 b - a potion of heal wounds {unknown}
 d - 4 potions of curing
 e - a potion of might
 g - a potion of lignification {unknown}
 i - a potion of magic {unknown}

Dungeon Overview and Level Annotations

Branches:
Dungeon (2/15)

Shops:
D:2 =

Annotations:
D:2 Natasha


Message History

The adder bites you but does no damage. Natasha claws you but does no damage.
The adder bites you.
You are poisoned.
The adder poisons you! Natasha barely misses you. The adder bites you.
You shoot an arrow. The arrow hits the adder!
You kill the adder!
You feel very sick. Natasha casts a spell at you. You resist with some effort.
The hobgoblin closely misses you. Natasha claws you.
You have reached level 4!
You shoot an arrow. The arrow hits Natasha.
Natasha is moderately wounded.
You feel sick.
The hobgoblin hits you but does no damage.
Natasha barely misses you. The hobgoblin completely misses you.
Natasha barely misses you.
You shoot an arrow. The arrow barely misses Natasha.
You feel sick. The hobgoblin hits you. Natasha closely misses you.
The hobgoblin hits you but does no damage.
Natasha claws you but does no damage.
You shoot an arrow. The arrow hits Natasha.
Natasha is moderately wounded.
You feel sick.
You are no longer poisoned.
The hobgoblin hits you but does no damage.
Natasha completely misses you.
The hobgoblin hits you but does no damage.
Natasha claws you.
You shoot an arrow. The arrow closely misses Natasha.
The hobgoblin hits you but does no damage.
Natasha claws you. The hobgoblin misses you.
You shoot an arrow. The arrow hits Natasha.
Natasha is severely wounded.
Natasha closely misses you.
The hobgoblin hits you but does no damage.
Natasha casts a spell at you. The magic dart hits you.
You die...
Natasha begins licking her fur clean.

#.\)### #..# .
#.....###..# #.
..###.....##### #=
#.####......... ..
#.##....####### .#
#.##.....# .#
..........# ##.#
.%#.......# #hg#
#.#.......# #@##
#.##.....## #.#
..........# #.#
..........# #.#
..........### #.#
..##........# #.#
............####.#
#.#..............#
#.##........###.##


You could see Natasha and a hobgoblin.

Vanquished Creatures
  A gnoll (D:1)
  3 adders (D:2)
  A ribbon worm (D:2)
  2 dart slugs
  4 ball pythons (D:1)
  6 bats
  2 endoplasms (D:1)
  3 giant cockroaches
  A goblin (D:2)
  3 hobgoblins
  3 quokkas
  4 frilled lizards (D:1)
  2 kobolds (D:1)
  4 rats (D:1)
39 creatures vanquished.

Notes
Turn   | Place    | Note
-------+----------+-------------------------------------------
     0 | D:1      | qw the Demigod Hunter began the quest for the Orb.
     0 | D:1      | Reached XP level 1. HP: 17/17 MP: 3/3
     0 | D:1      | 0 ||| qw: Version: 0.3-a-155-g5e7d8dd
     0 | D:1      | 0 ||| qw: Game counter: 173
     0 | D:1      | 0 ||| qw: Melee chars always use a shield: true
     0 | D:1      | 0 ||| qw: God list: Okawaru
     0 | D:1      | 0 ||| qw: Allow faded altars: false
     0 | D:1      | 0 ||| qw: Do Orc after clearing Dungeon:15 true
     0 | D:1      | 0 ||| qw: Do second Lair branch before Depths: true
     0 | D:1      | 0 ||| qw: Lair rune preference: random
     0 | D:1      | 0 ||| qw: Goals: Normal
     0 | D:1      | 0 ||| PLANNING D:1-11
   112 | D:1      | Reached skill level 4 in Ranged Weapons
   112 | D:1      | Reached XP level 2. HP: 24/24 MP: 4/4
   501 | D:1      | Reached XP level 3. HP: 29/29 MP: 5/5
   676 | D:1      | 676 ||| UPGRADING to +0 ring mail.
   686 | D:1      | 686 ||| DROPPING +0 leather armour.
   687 | D:1      | 687 ||| READING scroll labelled DABBUOPURUNEU.
   687 | D:1      | 687 ||| BRANDING +0 shortbow.
   688 | D:1      | 688 ||| READING 2 scrolls labelled YMNISOI TEZXUTZ.
   688 | D:1      | 688 ||| IDENTIFYING fizzy pink potion
   689 | D:1      | 689 ||| READING scroll of identify.
   689 | D:1      | 689 ||| IDENTIFYING 4 yellow potions
   690 | D:1      | 690 ||| READING scroll labelled HODDOL KAOZONA.
   691 | D:1      | 691 ||| DROPPING scroll of butterflies.
   693 | D:1      | 693 ||| Stepping ~*~*~tactically~*~*~ (cloud).
   699 | D:1      | HP: 7/29 [poisoned by you (poison gas)]
   818 | D:2      | Found Ucoobreinu's Jewellery Shop.
   841 | D:2      | 841 ||| SHOPLISTING +4 ring of protection (360 gold, have
                  | 66).
   841 | D:2      | 841 ||| SHOPLISTING +6 ring of strength (360 gold, have
                  | 66).
   841 | D:2      | 841 ||| SHOPLISTING amulet of the acrobat (300 gold, have
                  | 66).
   841 | D:2      | 841 ||| SHOPLISTING ring "Saec" {rC+ rCorr} (340 gold, have
                  | 66).
   841 | D:2      | 841 ||| SHOPLISTING ring of positive energy (200 gold, have
                  | 66).
   841 | D:2      | 841 ||| SHOPLISTING ring of protection from cold (250 gold,
                  | have 66).
   841 | D:2      | 841 ||| SHOPLISTING ring of resist corrosion (200 gold,
                  | have 66).
   841 | D:2      | 841 ||| SHOPLISTING ring of see invisible (150 gold, have
                  | 66).
   988 | D:2      | Reached skill level 5 in Ranged Weapons
  1063 | D:2      | Noticed Natasha
  1066 | D:2      | 1066 ||| RETREEEEATING.
  1070 | D:2      | Reached XP level 4. HP: 11/36 MP: 6/6
  1070 | D:2      | HP: 9/36 [poisoned by an adder]
  1072 | D:2      | HP: 4/36 [Natasha (3)]
  1074 | D:2      | Killed from afar by Natasha

Levels and vault maps discovered:
D:1:      dpeg_arrival_solitude, layout_basic
D:2:      layout_rooms, serial_shops, shop, uniq_natasha

Skill      XL: |  1  2  3 |
---------------+----------+-----
Ranged Weapons | 4 5 |  5.0
Fighting       | 2 |  2.0
Dodging        | 2 |  2.0
Armour         | |  0.5
Stealth        | |  0.8

Action                     |  1- 3 |  4- 6 || total
---------------------------+-------+-------++-------
   Fire: Shortbow          |   100 |     5 ||   105
    Use: Scroll            |     4 |       ||     4
 Armour: Leather armour    |    12 |       ||    12
         Ring mail         |    13 |    11 ||    24
  Dodge: Dodged            |    28 |     7 ||    35

Table legend:
 A = Non-vault XP
 B = Vault XP
 C = Vault XP percentage of total XP
 D = Non-vault monster count
 E = Vault monster count
 F = Vault count percentage of total count
                 A         B        C        D         E       F
            +---------+---------+-------+---------+---------+-------
      Total |     117 |       0 |   0.0 |      39 |       0 |   0.0
            +---------+---------+-------+---------+---------+-------
        D:1 |      57 |       0 |   0.0 |      28 |       0 |   0.0
        D:2 |      60 |       0 |   0.0 |      11 |       0 |   0.0
            +---------+---------+-------+---------+---------+-------
